 Dungeon Crawl Stone Soup version 0.26.1-10-gdfb7c7de75 (webtiles) character file.

Game seed: 786553196137203187

1281 H0rd4k the Cutter (level 8, 0/60 HPs)
             Began as a Human Artificer on Apr 7, 2021.
             Was an Initiate of Gozag.
             Shot with an arrow by a centaur (3 damage)
             ... on level 6 of the Dungeon.
             The game lasted 00:09:58 (8532 turns).

H0rd4k the Cutter (Human Artificer)                 Turns: 8532, Time: 00:09:58

Health: 0/60       AC:  8    Str: 14    XL:     8   Next: 84%
Magic:  8/8        EV: 14    Int: 11    God:    Gozag
Gold:   480        SH:  0    Dex: 15    Spells: 7/7 levels left

rFire    . . .     SeeInvis +   l - +0 short sword
rCold    . . .     Faith    .   (no shield)
rNeg     . . .     Spirit   .   b - +0 leather armour
rPois    .         Reflect  .   (no helmet)
rElec    .         Harm     .   (no cloak)
rCorr    .         Rampage  .   m - +0 pair of gloves (curse)
Will     .....                  (no boots)
Stlth    ++........             (no amulet)
HPRegen  0.20/turn              i - +4 ring of protection
MPRegen  0.11/turn              n - ring of see invisible

@: no status effects
A: no striking features
a: Renounce Religion, Potion Petition, Call Merchant, Bribe Branch


You were on level 6 of the Dungeon.
You worshipped Gozag.
Gozag was aware of your devotion.
You visited 2 branches of the dungeon, and saw 8 of its levels.

You collected 541 gold pieces.
You paid 61 gold pieces to Gozag.

Inventory:

Hand Weapons
 l - a +0 short sword (weapon)
 A - a +0 rapier
Armour
 b - a +0 leather armour (worn)
 m - a cursed +0 pair of gloves (worn)
Jewellery
 i - a +4 ring of protection (left hand)
 k - an uncursed ring of poison resistance
 n - a ring of see invisible (right hand)
 B - an uncursed ring of resist corrosion {unknown}
 E - a cursed -4 ring of evasion {unknown}
Wands
 c - a wand of flame (3) (quivered)
 d - a wand of enslavement (3)
 D - a wand of disintegration (9)
Scrolls
 a - a scroll of enchant armour {unknown}
 f - a scroll of magic mapping {unknown}
 g - 9 scrolls of teleportation
 h - a scroll of blinking {unknown}
 j - a scroll of fog {unknown}
 q - 4 scrolls of remove curse
 s - 2 scrolls of amnesia {unknown}
 u - 3 scrolls of immolation
 v - 2 scrolls of fear
 y - 2 scrolls of identify
Potions
 e - a potion of berserk rage
 o - 2 potions of heal wounds
 p - 2 potions of magic
 r - 4 potions of brilliance
 t - 2 potions of curing
 w - 5 potions of flight
 x - a potion of haste
 z - a potion of mutation {unknown}
 C - a potion of degeneration {unknown}


   Skills:
 + Level 3.7 Fighting
 + Level 5.5 Short Blades
 + Level 3.9 Armour
 + Level 4.4 Dodging
 + Level 2.9 Stealth
 + Level 4.7 Evocations


You had 7 spell levels left.
You didn't know any spells.
Your spell library was empty.

Dungeon Overview and Level Annotations

Branches:
Dungeon (7/15)             Temple (1/1) D:5

Altars:
Dithmenos
Elyvilon
Gozag
Hepliaklqana
Makhleb
Nemelex Xobeh
Qazlal
Sif Muna
Trog
Xom
Yredelemnul
Zin


Message History

Okay, then.
Aiming: Enslavement
Press: ? - help, Shift-Dir - straight line, f - centaur, p - electric eel
Aim: a centaur, wielding a +0 vorpal shortbow and quivering 14 arrows (chance to affect: 60%)
The centaur resists with significant effort.
The centaur shoots an arrow.
The arrow misses you.
The electric eel shoots out a bolt of lightning at you!
The bolt of electricity hits you.
The electric eel shoots out a bolt of lightning at you!
The bolt of electricity hits the electric eel.
The electric eel completely resists.
The bolt of electricity hits the plant!
The bolt of electricity hits you.
The electric eel shoots out a bolt of lightning at you!
The bolt of electricity hits the plant!
The bolt of electricity hits you.
The centaur shoots an arrow.
The arrow hits you!
* * * LOW HITPOINT WARNING * * *
x2 The centaur shoots an arrow.
The arrow hits you!
* * * LOW HITPOINT WARNING * * *
You die...
Your body crumbles into a pile of gold.

##########.....#
##....≈≈≈≈##....#
##≈########≈##...#
#≈##..P≈.≈##.#'###
#≈#......;;#.#..##
#≈#.....));#.#...#
#.#'..≈P;;;#.#...#
#.(# ..?.≈##≈##..#
##@# ########≈##.#
#≈≈# .P$[≈##≈#.#
##≈# .PP$≈;#.#[#
.# ..≈?.;#.#)# .#
.PP≈≈;#.#.# c.
.≈.≈≈##'#[# #.
######....# ##
##...# #####


You could see a centaur.

Vanquished Creatures
  Sigmund (D:2)
  A jelly (D:5)
  An ice beast (D:5)
  A sky beast (D:6)
  An orc warrior (D:6)
  A centaur (D:6)
  A scorpion (D:5)
  A bullfrog zombie (D:5)
  3 orc priests
  2 orc wizards
  A bullfrog skeleton (D:6)
  Jessica (D:3)
  2 iguanas
  3 worker ants
  A worker ant zombie (D:6)
  6 adders
  An ufetubus (D:5)
  An ooze (D:4)
  A worm (D:2)
  2 dart slugs
  4 leopard geckos
  11 orcs
  5 giant cockroaches
  4 hobgoblins
  2 jackals (D:5)
  A quokka (D:6)
  2 ball pythons
  2 bats
  6 frilled lizards
  12 goblins
  10 kobolds
  A leopard gecko zombie (D:5)
  7 rats
99 creatures vanquished.

Vanquished Creatures (collateral kills)
  A sky beast (D:5)
  An orc wizard (D:6)
  2 orcs
  4 goblins (D:2)
  A hobgoblin (D:2)
  A frilled lizard (D:4)
10 creatures vanquished.

Vanquished Creatures (others)
  A black bear (D:4)
  Robin (D:2)
2 creatures vanquished.

Grand Total: 111 creatures vanquished

Notes
Turn   | Place    | Note
-------+----------+-------------------------------------------
     0 | D:1      | H0rd4k the Human Artificer began the quest for the Orb.
     0 | D:1      | Reached XP level 1. HP: 15/15 MP: 1/1
   212 | D:1      | Reached XP level 2. HP: 6/21 MP: 2/2
  1205 | D:2      | Reached XP level 3. HP: 12/26 MP: 3/3
  1661 | D:2      | Reached XP level 4. HP: 33/33 MP: 4/4
  1775 | D:2      | Noticed Sigmund
  1873 | D:2      | Noticed Robin
  1968 | D:2      | Your ally died
  2239 | D:2      | Reached skill level 1 in Short Blades
  2870 | D:2      | Killed Sigmund
  2871 | D:2      | Reached skill level 2 in Short Blades
  2871 | D:2      | Reached XP level 5. HP: 36/38 MP: 5/5
  2871 | D:2      | Reached XP level 6. HP: 42/44 MP: 6/6
  2928 | D:3      | Found a shadowy altar of Dithmenos.
  2928 | D:3      | Found a hazy altar of Hepliaklqana.
  3400 | D:3      | Noticed Jessica
  3401 | D:3      | Found a burning altar of Makhleb.
  3414 | D:3      | Killed Jessica
  3790 | D:3      | Noticed a shadow
  4187 | D:4      | Noticed a black bear
  4340 | D:4      | Reached skill level 3 in Short Blades
  4340 | D:4      | Reached XP level 7. HP: 9/51 MP: 7/7
  4856 | D:5      | Entered Level 5 of the Dungeon
  4905 | D:5      | Found a staircase to the Ecumenical Temple.
  4915 | Temple   | Entered the Ecumenical Temple
  4934 | Temple   | Became a worshipper of Gozag Ym Sagoz the Greedy
  5418 | D:5      | Identified the cursed +1 leather armour "Gosif" {*Drain
                  | rElec rF+ Dex+10}
  5640 | D:5      | Reached skill level 4 in Short Blades
  5915 | D:5      | Reached XP level 8. HP: 58/58 MP: 8/8
  7106 | D:6      | Reached skill level 5 in Short Blades
  8532 | D:6      | HP: 3/60 [centaur/arrow (7)]
  8532 | D:6      | Shot with an arrow by a centaur

Illustrated notes

Levels and vault maps discovered:
D:1:      sevenhm_arrival_forest_fort_small_6, layout_basic
D:2:      minmay_recursive_quarters, layout_basic, uniq_robin, uniq_sigmund
D:3:      layout_basic, riverfiend_overflow_shadow_ancestor,
          lemuel_statue_altar, uniq_jessica
D:4:      layout_rooms
D:5:      layout_loops_ring, minmay_temple_entry_junction
D:6:      cheibrodos_two_vegetables, layout_gridville
D:7:      layout_basic, serial_corexii_hall, corexii_hall_statues_i,
          corexii_hall_statues_x, chequers_hall_statues_wall_a,
          chequers_hall_statues_corner_a
Temple:   eino_temple_rhombus

Skill      XL: |  1  2  3  4  5  6  7  8 |
---------------+-------------------------+-----
Short Blades   | 2 3 4 5 |  5.5
Fighting       | 2 3 |  3.7
Armour         | 3 |  3.9
Dodging        | 2 3 4 |  4.4
Evocations     | 4 |  4.7
Stealth        | 2 |  2.9

Action                   |  1- 3 |  4- 6 |  7- 9 || total
-------------------------+-------+-------+-------++-------
Melee: Club              |    47 |       |       ||    47
       Short sword       |    74 |   177 |   342 ||   593
Evoke: Wand              |     3 |    26 |    13 ||    42
  Use: Potion            |     2 |       |     2 ||     4
       Scroll            |       |       |     8 ||     8
 Stab: Sleeping          |     1 |     2 |     1 ||     4
       Distracted        |     1 |       |     1 ||     2
Armor: Leather armour    |    45 |    54 |   126 ||   225
Dodge: Dodged            |    79 |   125 |   233 ||   437
